 Dungeon Crawl Stone Soup version 0.27.1-34-g3ba077fa99 (webtiles) character file.

Game seed: 3630721459390187136

506 mcbry74 the Grappler (level 6, -5/59 HPs)
             Began as a Troll Berserker on Jan 24, 2022.
             Was a Priest of Trog.
             Slain by an orc warrior (7 damage)
             ... on level 4 of the Dungeon.
             The game lasted 00:07:27 (2713 turns).

mcbry74 the Grappler (Troll Berserker)              Turns: 2713, Time: 00:07:27

Health: -5/59      AC:  4    Str: 27    XL:     6   Next: 97%
Magic:  5/5        EV: 10    Int:  4    God:    Trog [***...]
Gold:   142        SH:  0    Dex:  9    Spells: 5/5 levels left

rFire    . . .     SeeInvis .     - Unarmed
rCold    . . .     Faith    .   (no shield)
rNeg     . . .     Spirit   .   a - +0 animal skin
rPois    .         Reflect  .   (helmet restricted)
rElec    .         Harm     .   c - scarf {shadows}
rCorr    .         Rampage  .   (gloves unavailable)
Will     .....                  (boots unavailable)
Stlth    +.........             (no amulet)
HPRegen  1.19/turn              (no ring)
MPRegen  0.09/turn              (no ring)

@: no status effects
A: large, unfitting armour, claws 3, regeneration 1, shaggy fur 1, tough skin 1
a: Renounce Religion, Berserk, Trog's Hand


You were on level 4 of the Dungeon.
You worshipped Trog.
Trog was most pleased with you.
You visited 1 branch of the dungeon, and saw 4 of its levels.

You collected 142 gold pieces.

Inventory:

Missiles
 d - 18 sling bullets
 f - 145 stones (quivered)
 s - 11 poisoned darts
 w - 8 boomerangs
Armour
 a - a +0 animal skin (worn)
 c - a scarf of shadows (worn)
Jewellery
 y - a +6 ring of dexterity
Wands
 k - a wand of acid (11)
 m - a wand of flame (21)
 x - a wand of iceblast (3)
Scrolls
 h - 3 scrolls of identify {unknown}
 i - a scroll of fog {unknown}
 j - a scroll of enchant armour {unknown}
 l - a scroll of enchant weapon {unknown}
 o - a scroll of vulnerability {unknown}
 p - a scroll of torment {unknown}
 q - a scroll of acquirement {unknown}
 r - a scroll of blinking {unknown}
 u - a scroll of teleportation {unknown}
Potions
 b - 3 potions of heal wounds {unknown}
 e - a potion of attraction {unknown}
 g - 3 potions of haste {unknown}
 n - a potion of degeneration {unknown}
 t - a potion of ambrosia {unknown}
 v - 2 potions of curing {unknown}
 z - a potion of brilliance {unknown}


   Skills:
 - Level 2.4 Fighting
 - Level 2.4 Dodging
 * Level 8.0 Unarmed Combat
 + Level 0.0 Evocations


You had 5 spell levels left.
You didn't know any spells.
Your spell library was empty.

Dungeon Overview and Level Annotations

Branches:
Dungeon (4/15)             Temple (0/1) D:4

Altars:
Vehumet
Yredelemnul
The Shining One


Innate Abilities, Weirdness & Mutations

You are too large for most types of armour.
You have claws for hands.
Your natural rate of healing is unusually fast.
You are covered in fur. (AC +1)
You have tough skin. (AC +1)


Message History

An orc warrior comes into view. It is wielding a +0 battleaxe.
An orc comes into view. It is wielding a +0 mace.
The orc warrior shouts!
The orc shouts!
You hear a shout!
Found 18 gold pieces.
The orc priest looks encouraged for a moment.
An orc comes into view. It is wielding a +0 mace.
Aiming: Iceblast
Press: ? - help, Shift-Dir - straight line, f - orc warrior
Aim: an orc warrior, wielding a +0 battleaxe and wearing a +0 chain mail The mass of ice explodes!
The iceblast engulfs the orc warrior!
The orc warrior is severely wounded.
The iceblast engulfs the orc!
You kill the orc!
Trog accepts your kill.
The iceblast engulfs the orc!!
You kill the orc!
Trog accepts your kill.
You hear a shout! x2
An orc comes into view. It is wielding a +0 club.
The orc priest looks braver for a moment.
You scratch the orc warrior but do no damage.
The orc warrior is severely wounded.
The orc warrior hits you with a +0 battleaxe!!
You scratch the orc warrior but do no damage.
The orc warrior is severely wounded.
The orc priest calls upon Beogh to heal the orc warrior.
The orc warrior is healed somewhat.
The orc warrior hits you with a +0 battleaxe!!
* * * LOW HITPOINT WARNING * * *
You hear a shout!
You barely miss the orc warrior.
The orc warrior is heavily wounded.
An orc wizard comes into view. It is wielding a +0 dagger.
The orc warrior hits you with a +0 battleaxe!
* * * LOW HITPOINT WARNING * * *
The orc wizard shouts!
You closely miss the orc warrior.
The orc warrior is heavily wounded.
The orc warrior hits you with a +0 battleaxe!
You die...

###### ....####
......#
###.....#
##.......#
#o@#.....## #
#o.##......####
# $)o..
#.........## #
8.)###
#.....###..#####
#. ..
#......###...>..
##.# .
#..###...######.
#..# .#..#
###..# ## #..#
#.#..# ##.### #
#..# ##.##..#
#...###


You could see an orc warrior, an orc priest and an orc wizard.

Vanquished Creatures
  An ogre (D:4)
  A phantom (D:3)
  A crimson imp (D:3)
  A hound (D:4)
  An orc priest (D:4)
  3 iguanas (D:4)
  Terence (D:3)
  An orc wizard (D:4)
  A hound skeleton (D:4)
  3 gnolls (D:3)
  2 dart slugs
  4 orcs (D:4)
  6 ball pythons
  4 bats
  4 endoplasms
  3 giant cockroaches
  4 goblins
  6 hobgoblins
  7 jackals (D:4)
  6 kobolds
  3 quokkas
  4 frilled lizards
  2 goblin zombies (D:3)
  2 hobgoblin zombies (D:3)
  2 kobold skeletons (D:3)
  A kobold zombie (D:3)
  An orc skeleton (D:3)
  2 orc zombies (D:3)
  6 rats
83 creatures vanquished.

Notes
Turn   | Place    | Note
-------+----------+-------------------------------------------
     0 | D:1      | mcbry74 the Troll Berserker began the quest for the Orb.
     0 | D:1      | Reached XP level 1. HP: 22/22 MP: 0/0
   148 | D:1      | Reached XP level 2. HP: 29/29 MP: 1/1
   602 | D:2      | Reached skill level 4 in Unarmed Combat
   692 | D:2      | Found a faded altar of an unknown god.
   757 | D:2      | Reached ** piety under Trog
   993 | D:2      | Reached XP level 3. HP: 36/36 MP: 2/2
  1023 | D:2      | Found Muyruf's Antique Weapon Emporium.
  1157 | D:3      | Noticed Terence
  1163 | D:3      | Killed Terence
  1264 | D:3      | Noticed a phantom
  1273 | D:3      | Killed a phantom
  1274 | D:3      | Reached skill level 5 in Unarmed Combat
  1274 | D:3      | Reached XP level 4. HP: 44/44 MP: 3/3
  1485 | D:3      | Reached XP level 5. HP: 50/50 MP: 4/4
  1595 | D:3      | Found a glowing golden altar of the Shining One.
  1602 | D:3      | Reached skill level 6 in Unarmed Combat
  1663 | D:3      | Found a radiant altar of Vehumet.
  2172 | D:3      | Reached *** piety under Trog
  2194 | D:4      | Noticed an ogre
  2202 | D:4      | Killed an ogre
  2203 | D:4      | Reached skill level 7 in Unarmed Combat
  2203 | D:4      | Reached XP level 6. HP: 41/59 MP: 5/5
  2372 | D:4      | Found a basalt altar of Yredelemnul.
  2494 | D:4      | Found a staircase to the Ecumenical Temple.
  2511 | D:4      | Reached skill level 8 in Unarmed Combat
  2706 | D:4      | Noticed an orc warrior
  2712 | D:4      | HP: 1/59 [orc warrior (17)]
  2713 | D:4      | Slain by an orc warrior

Illustrated notes

Levels and vault maps discovered:
D:1:      shiori_arrival_oz, layout_basic
D:2:      layout_basic, dreamdust_ecumenical_altar_angels_and_demons,
          serial_shops, nicolae_square_shop, chequers_avenue,
          minmay_misc_feat_cross
D:3:      wad_river_or_something, layout_loops_cross,
          nicolae_tso_besieged_by_evil,
          mainiacjoe_overflow_concentric_impassable, uniq_terence
D:4:      layout_rooms, nicolae_overflow_hidden_temple,
          minmay_temple_entry_ruins, guppyfry_early_orc_mine

Skill      XL: |  1  2  3  4  5  6 |
---------------+-------------------+-----
Unarmed Combat | 4 5 7 8 |  8.0
Fighting       | |  2.4
Dodging        | |  2.4

Action                   |  1- 3 |  4- 6 || total
-------------------------+-------+-------++-------
Melee: Unarmed           |    59 |   121 ||   180
       Punch             |     1 |     2 ||     3
Evoke: Wand              |       |     1 ||     1
 Stab: Sleeping          |       |     1 ||     1
Armor: Animal skin       |    17 |    49 ||    66
Dodge: Dodged            |    21 |    58 ||    79
